 Dungeon Crawl Stone Soup version 0.18.1-50-g88ac8fd (webtiles) character file.

133 Dioneo the Distorting Troll (level 4, -2/45 HPs)
             Began as a Troll Abyssal Knight on Oct 22, 2016.
             Was a Believer of Lugonu.
             Killed from afar by an orc wizard (7 damage)
             ... with a puff of flame
             ... on level 3 of the Dungeon.
             The game lasted 00:08:18 (2166 turns).

Dioneo the Distorting Troll (Troll Abyssal Knight)  Turns: 2166, Time: 00:08:20

Health: -2/45      AC:  5    Str: 21    XL:     4   Next: 93%
Magic:  5/5        EV: 10    Int:  8    God:    Lugonu [**....]
Gold:   135        SH:  0    Dex:  9    Spells: 0 memorised, 3 levels left

rFire  . . .     SeeInvis .       - Unarmed
rCold  . . .     Gourm    +     a - +0 robe
rNeg   . . .     Faith    .     (no shield)
rPois  .         Spirit   .     (helmet restricted)
rElec  .         Dismiss  .     (no cloak)
rCorr  .         Reflect  .     (gloves unavailable)
SustAt .         Harm     .     (boots unavailable)
MR     .....                    (no amulet)
Stlth  +.........               (no ring)
                                (no ring)

@: not resistant to hostile enchantments, very unstealthy
A: unfitting armour, claws 3, fast metabolism 3, gourmand, regeneration 2,
shaggy fur 1, tough skin 2
a: Depart the Abyss, Bend Space, Renounce Religion


You were on level 3 of the Dungeon.
You worshipped Lugonu.
Lugonu was pleased with you.
You were very full.

You visited 1 branch of the dungeon, and saw 3 of its levels.
You visited the Abyss 1 time.

You collected 135 gold pieces.

Inventory:

Armour
 a - a +0 robe (worn)
Jewellery
 m - an uncursed ring of ice {unknown}
Scrolls
 c - a scroll of identify {unknown}
 d - a scroll of fog {unknown}
 f - a scroll of noise {unknown}
 g - 2 scrolls of teleportation {unknown}
 i - a scroll of remove curse {unknown}
 k - a scroll of enchant armour {unknown}
 n - a scroll of amnesia {unknown}
 o - a scroll of blinking {unknown}
Potions
 e - 2 potions of brilliance {unknown}
 j - a potion of lignification {unknown}
 p - a potion of flight {unknown}
 q - a potion of magic {unknown}
Comestibles
 b - 2 bread rations
 h - a chunk of flesh
 l - a royal jelly


   Skills:
 + Level 3.2 Fighting
 - Level 1.9 Dodging
 + Level 2.8 Unarmed Combat
 * Level 3.5 Invocations


You had 3 spell levels left.
You didn't know any spells.

Dungeon Overview and Level Annotations

Branches:
Dungeon (3/15)

Altars:
Cheibriados
Makhleb


Innate Abilities, Weirdness & Mutations

You are too large for most types of armour.
You have claws for hands.
Your metabolism is lightning-fast.
You like to eat raw meat.
You heal very quickly.
You are covered in fur (AC +1).
You have very tough skin (AC +2).


Message History

You scratch the orc wizard but do no damage.
The orc wizard is heavily wounded.
The orc wizard hits you but does no damage. x2
The orc closely misses you.
You closely miss the orc wizard.
The orc wizard is heavily wounded.
The orc wizard barely misses you.
The orc hits you from afar with a trident of protection!
* * * LOW HITPOINT WARNING * * *
You barely miss the orc wizard.
The orc wizard is heavily wounded.
The orc wizard barely misses you.
The orc wizard looks braver for a moment.
You scratch the orc wizard.
The orc wizard is almost dead.
The orc hits you from afar with a trident of protection!
* * * LOW HITPOINT WARNING * * *
The orc wizard casts a spell at you. The puff of flame hits you!
You die...

...........#
##########.# #>#
#.# #.# #.# #.#
#########.#
###########
##.........#
#(.@ooo....
.......#####
#.########.
##.###.# #.# #
#.# ###.### ##)##
#.....#
#...####.....####
#.#.............#
#...####.....##.#
##### #.....# %.


You could see an orc wizard and 2 orcs.

Vanquished Creatures
  A hound (D:2)
  3 adders
  2 worms (D:2)
  A dart slug (D:2)
  2 giant geckos
  2 orcs (D:3)
  8 bats
  3 giant cockroaches
  4 goblins
  7 hobgoblins
  13 jackals
  3 kobolds
  A quokka (D:2)
  A giant newt (D:2)
  6 rats
57 creatures vanquished.

Notes
Turn   | Place    | Note
--------------------------------------------------------------
     0 | Abyss:1  | Dioneo the Troll Abyssal Knight began the quest for the Orb.
     0 | Abyss:1  | Reached XP level 1. HP: 22/22 MP: 1/1
    33 | Abyss:1  | Noticed an ancient zyme
    34 | D:1      | Escaped the Abyss
   253 | D:1      | Reached * piety under Lugonu
   253 | D:1      | Reached XP level 2. HP: 29/29 MP: 2/2
   828 | D:2      | Found a burning altar of Makhleb.
   833 | D:2      | Reached XP level 3. HP: 34/36 MP: 2/4
   926 | D:2      | Reached XP level 4. HP: 28/44 MP: 5/5
  1062 | D:2      | Found a snail-covered altar of Cheibriados.
  1209 | D:2      | Reached ** piety under Lugonu
  2166 | D:3      | Killed from afar by an orc wizard

Skill      XL: |  1  2  3  4 |
---------------+-------------+-----
Invocations    | 2 3 |  3.5
Fighting       | 3 |  3.2
Dodging        | |  1.9
Unarmed Combat | |  2.8

Action                   |  1- 3 |  4- 6 || total
-------------------------+-------+-------++-------
Melee: Unarmed           |    75 |   108 ||   183
       Punch             |       |     4 ||     4
Invok: Depart the Abyss  |     1 |       ||     1
  Eat: Chunk             |    14 |    11 ||    25
Armor: Robe              |    31 |    38 ||    69
Dodge: Dodged            |    34 |    64 ||    98
